Map: Dusk Towers

Players

DIRT - Winner!

  • Race: Protoss Protoss
  • League: Diamond

LilDicky

  • Race: Terran Terran
  • League: Diamond

VOD

http://www.twitch.tv/tumescentpie

Description

Time

  • Played on: Jan. 1, 2016, 9:46 p.m.
  • Length: 3:13
Show
View Real Time Build Order
Export as new Build Order

DIRT Protoss - Winner!

Build Orders: Cannon Rush 

Get SALT Encoding   

  12  0:02  Probe (Chrono Boost)  
  13  0:12  Probe (Chrono Boost)  
  14  0:19  Pylon  
  14  0:35  Probe (Chrono Boost)  
  15  0:38  Forge  
  15  0:45  Probe (Chrono Boost)  
  16  0:56  Probe (Chrono Boost)  
  17  1:06  Probe (Chrono Boost)  
  18  1:16  Pylon  
  18  1:17  Probe (Chrono Boost)  
  19  1:27  Pylon  
  19  1:33  Pylon  
  19  1:37  Probe (Chrono Boost)  
  20  1:50  Gateway  
  20  1:53  Photon Cannon  
  20  1:56  Photon Cannon  
  20  1:57  Photon Cannon  
  20  1:59  Gateway  
  20  2:06  Probe (Chrono Boost)  
  20  2:17  Probe (Chrono Boost)  
  21  2:28  Photon Cannon x2  
  21  2:32  Photon Cannon  
  21  2:33  Photon Cannon  
  21  2:41  Pylon  
  21  2:46  Zealot (Chrono Boost)  
  25  3:05  Photon Cannon  
Show
View Real Time Build Order
Export as new Build Order

LilDicky Terran 

Build Orders:  

Get SALT Encoding   

  12  0:01  SCV  
  13  0:13  SCV  
  14  0:18  Supply Depot  
  14  0:25  SCV  
  15  0:36  Refinery  
  15  0:40  SCV  
  16  0:45  Barracks  
  16  0:52  SCV  
  18  1:04  SCV  
  18  1:16  SCV  
  19  1:32  SCV  
  20  1:37  Marine  
  21  1:40  Supply Depot  
  21  1:44  SCV  
  22  1:48  Factory  
  22  1:56  SCV  
  23  2:13  Marine, Orbital Command  
  23  2:31  Marine  
  24  2:47  Bunker  
  24  2:48  SCV  
  25  2:57  Bunker  
  25  3:11  Barracks  
  25  3:12  Barracks  
Tags
 
Add a new tag
Caveats
  • Supply blocks, unpowered buildings, or Contaminate may cause inaccurate times.
  • Supply counts are checked every 10 seconds.